 Dungeon Crawl Stone Soup version 0.24-a0-307-gf989941 (webtiles) character file.

Game seed: 9026984044763067736

157 mhoghedin the Skirmisher (level 4, 0/40 HPs)
             Began as a Demigod Skald on May 13, 2019.
             Succumbed to an adder's poison
             ... on level 2 of the Dungeon.
             The game lasted 00:03:32 (1922 turns).

mhoghedin the Skirmisher (Demigod Skald)            Turns: 1922, Time: 00:03:32

Health: 0/40       AC:  4    Str: 16    XL:     4   Next: 93%
Magic:  8/9        EV: 27    Int: 17    God:
Gold:   76         SH:  0    Dex: 15    Spells: 5/6 levels left

rFire    . . .     SeeInvis .   k - +0 trident
rCold    . . .     Gourm    .   (no shield)
rNeg     . . .     Faith    .   b - +1 leather armour
rPois    .         Spirit   .   (no helmet)
rElec    .         Reflect  .   (no cloak)
rCorr    .         Harm     .   (no gloves)
MR       .....                  (no boots)
Stlth    +.........             f - amulet of the acrobat
HPRegen  0.13/turn              (no ring)
MPRegen  0.11/turn              (no ring)

@: lethally poisoned (0 -> -3), infused (expiring), acrobat
A: high mp 1
a: no special abilities


You were on level 2 of the Dungeon.
You were not hungry.

You visited 1 branch of the dungeon, and saw 3 of its levels.

You collected 76 gold pieces.

Inventory:

Hand Weapons
 k - a +0 trident (weapon)
   (You found it on level 2 of the Dungeon)
Armour
 b - a +1 leather armour (worn)
Jewellery
 f - an amulet of the acrobat (around neck)
   (You found it on level 1 of the Dungeon)
Wands
 j - a wand of flame (17)
   (You found it on level 2 of the Dungeon)
Scrolls
 a - a scroll of remove curse
 c - a scroll of blinking {!r}
Potions
 m - 2 potions of brilliance
Comestibles
 d - 4 rations
 g - a chunk of flesh {@w0}


   Skills:
 + Level 3.6 Fighting
 + Level 3.6 Polearms
 - Level 0.8 Armour
 - Level 1.7 Dodging
 - Level 1.7 Spellcasting
 - Level 2.6 Charms


You had 5 spell levels left.
You knew the following spells:

 Your Spells              Type           Power        Failure   Level  Hunger
a - Infusion              Chrm           ##..         9%          1    #......

Your spell library contained the following spells:

 Spells                   Type           Power        Failure   Level  Hunger
 Song of Slaying          Chrm           ##......     12%         2    ###....
 Shroud of Golubria       Chrm/Tloc      #.........   22%         2    ###....
 Regeneration             Chrm/Necr      #.........   38%         3    ###....
 Spectral Weapon          Hex/Chrm       #.......     38%         3    ###....


Dungeon Overview and Level Annotations

Branches:
Dungeon (3/15)


Innate Abilities, Weirdness & Mutations

You have an increased reservoir of magic. (+10% MP)


Message History

You start resting.
Your extra speed is starting to run out.
You regained 2 hp, and now have 13/39 hp.
You start resting.
You feel yourself slow down.
You start resting.
A gnoll comes into view. It is wielding a +0 spear.
You start resting.
A gnoll comes into view. It is wielding a +0 halberd.
You regained 3 hp, and now have 18/39 hp.
Things that are here:
a +0 dagger; a +0 robe; an orc skeleton The gnoll shouts!
You hear a shout!
You hear an angry hiss.
You hear a shout!
Items here: ) [[ †† a +0 leather armour; a +0 dagger; a +0 robe; an orc corpse a giant cockroach corpse 2 gnolls come into view.
A gnoll is wielding a +1 spear of flaming.
The gnoll shouts! x2
The gnoll moves out of view.
The gnoll completely misses you. x2
The gnoll completely misses you.
An orc comes into view. It is wielding a +0 club.
The orc shouts!
You hear a shout!
The orc throws a boomerang.
The boomerang completely misses you.
The weapon returns to the orc!
An orc wizard comes into view. It is wielding a +0 dagger.
The gnoll completely misses you.
Okay, then.
Unknown command.
Okay, then.
Unknown command.
An orc comes into view. It is wielding a +0 flail.
The orc shouts!
You hear a shout!
Found a stone staircase leading down.
An orc comes into view. It is wielding a +1 dagger of venom.
The orc throws a boomerang.
The boomerang completely misses you.
The weapon returns to the orc!
An adder comes into view.
You closely miss the adder. The adder bites you but does no damage.
You hit the adder. The adder barely misses you. The adder bites you.
You take 3 damage, and have 18/39 hp.
The adder completely misses you.
The orc throws a boomerang.
The boomerang completely misses you.
The weapon returns to the orc!
The adder bites you.
You are poisoned.
The adder poisons you!
You take 3 damage, and have 15/39 hp.
You feel sick. The adder completely misses you.
There is a stone staircase leading up here.
You feel sick. The adder closely misses you.
You climb upwards.
There is a stone staircase leading down here.
You take 1 damage, and have 14/39 hp.
You begin infusing your attacks with magical energy.
The adder bites you.
You are more poisoned.
The adder poisons you! The adder bites you but does no damage.
You take 1 damage, and have 13/39 hp.
You now have 8/9 mp.
You closely miss the adder.
You feel sick. The adder barely misses you.
You take 1 damage, and have 12/39 hp.
You barely miss the adder.
You feel sick. The adder bites you.
* * * LOW HITPOINT WARNING * * *
You are lethally poisoned!
The adder poisons you!
You take 3 damage, and have 9/39 hp.
Okay, then.
Unknown command.
You closely miss the adder.
* * * LOW HITPOINT WARNING * * *
You feel sick. The adder bites you.
* * * LOW HITPOINT WARNING * * *
The adder bites you but does no damage.
You take 2 damage, and have 7/39 hp.
You puncture the adder!
You kill the adder!
* * * LOW HITPOINT WARNING * * *
You feel sick.
You take 1 damage, and have 6/40 hp.
You now have 7/9 mp.
* * * LOW HITPOINT WARNING * * *
You feel sick.
You take 1 damage, and have 5/40 hp.
* * * LOW HITPOINT WARNING * * *
You feel sick.
You take 1 damage, and have 4/40 hp.
Unknown command.
* * * LOW HITPOINT WARNING * * *
You feel sick.
* * * LOW HITPOINT WARNING * * *
You feel sick.
You take 1 damage, and have 3/40 hp.
* * * LOW HITPOINT WARNING * * *
You feel sick.
You take 1 damage, and have 2/40 hp.
Your magical infusion is running out.
* * * LOW HITPOINT WARNING * * *
You feel sick.
You take 1 damage, and have 1/40 hp.
You die...

....#############.......###....#
.....## #.........##....# ......#
#.........##....## ......#
#.........###....# ......# #####
#..(......##.....# ......#
#...###.........#......#
...)..####.#...............#....#
....(.††..............<..........
......####.#####@..>.............
....(......................###...
............####...........# ##..
......####..# ##..........# ###
............######.........# #
................##.........# #
....#..####.###............# #
#.....## #.# ######.......######
.....#### #####..###.#...#.......


There were no monsters in sight!

Vanquished Creatures
  2 orc wizards (D:3)
  4 adders (D:2)
  An ooze (D:2)
  3 worms (D:2)
  A dart slug (D:2)
  2 leopard geckos
  2 orcs (D:3)
  2 giant cockroaches
  2 goblins (D:2)
  2 hobgoblins (D:1)
  8 jackals (D:2)
  A quokka (D:2)
  2 ball pythons
  6 bats
  A frilled lizard (D:1)
  5 kobolds
  2 rats
46 creatures vanquished.

Notes
Turn   | Place    | Note
-------+----------+-------------------------------------------
     0 | D:1      | mhoghedin the Demigod Skald began the quest for the Orb.
     0 | D:1      | Reached XP level 1. HP: 17/17 MP: 5/5
   308 | D:1      | Reached skill level 2 in Fighting
   308 | D:1      | Reached skill level 2 in Polearms
   457 | D:1      | Reached XP level 2. HP: 14/24 MP: 4/7
   807 | D:2      | Reached XP level 3. HP: 26/30 MP: 2/8
  1079 | D:2      | Reached skill level 3 in Fighting
  1083 | D:2      | Reached skill level 3 in Polearms
  1258 | D:2      | Found a hazy altar of Hepliaklqana.
  1349 | D:2      | Found a blossoming altar of Fedhas.
  1413 | D:2      | Found a glowing golden altar of the Shining One.
  1539 | D:2      | Reached XP level 4. HP: 38/38 MP: 9/9
  1790 | D:3      | HP: 9/38 [orc wizard/magic dart (3)]
  1800 | D:3      | HP: 9/38 [orc wizard/+0 dagger (3)]
  1909 | D:2      | HP: 9/39 [adder (3)]
  1914 | D:2      | HP: 4/40 [poisoned by an adder]
  1920 | D:2      | HP: 1/40 [poisoned by an adder]
  1922 | D:2      | Succumbed to an adder's poison

Levels and vault maps discovered:
D:1:      lightli_arrival_statue_moat, layout_basic,
          chequers_serial_rivers_large_a
D:2:      minmay_chambers_of_twos, layout_rooms, tso_metal_star,
          marbit_many_paths, nicolae_overflow_crystal_walls
D:3:      layout_loops_corners

Skill      XL: |  1  2  3 |
---------------+----------+-----
Fighting       | 2 3 |  3.6
Polearms       | 2 3 |  3.6
Armour         | |  0.8
Dodging        | |  1.7
Spellcasting   | |  1.7
Charms         | |  2.6

Action                   |  1- 3 |  4- 6 || total
-------------------------+-------+-------++-------
Melee: Spear             |    96 |       ||    96
       Trident           |    29 |    66 ||    95
 Cast: Infusion          |    10 |     1 ||    11
  Use: Scroll            |       |     7 ||     7
       Potion            |       |     2 ||     2
 Stab: Sleeping          |     3 |       ||     3
  Eat: Chunk             |     2 |       ||     2
       Ration            |       |     1 ||     1
Armor: Leather armour    |    27 |    19 ||    46
Dodge: Dodged            |    87 |    69 ||   156

Table legend:
 A = Non-vault XP
 B = Vault XP
 C = Vault XP percentage of total XP
 D = Non-vault monster count
 E = Vault monster count
 F = Vault count percentage of total count
                 A         B        C        D         E       F
            +---------+---------+-------+---------+---------+-------
      Total |     206 |      19 |   8.4 |      37 |       9 |  19.6
            +---------+---------+-------+---------+---------+-------
        D:1 |      20 |       0 |   0.0 |      13 |       0 |   0.0
        D:2 |      97 |      19 |  16.4 |      18 |       9 |  33.3
        D:3 |      89 |       0 |   0.0 |       6 |       0 |   0.0
            +---------+---------+-------+---------+---------+-------

Levels and vault maps discovered:
D:1:      lightli_arrival_statue_moat, layout_basic,
          chequers_serial_rivers_large_a
D:2:      minmay_chambers_of_twos, layout_rooms, tso_metal_star,
          marbit_many_paths, nicolae_overflow_crystal_walls
D:3:      layout_loops_corners

Table legend:
 A = Turns spent in this place as a percentage of turns spent in the entire game.
 B = Non-inter-level travel turns spent in this place as a percentage of non-inter-level travel turns spent in the entire game.
 C = Inter-level travel turns spent in this place as a percentage of turns spent in this place.
 D = Turns resting spent in this place as a percentage of non-inter-level travel turns spent in this place.
 E = Turns spent auto-exploring this place as a percentage of non-inter-level travel turns spent in this place.
 F = Non-inter-level travel turns spent in this place divided by the number of levels of this place that you've seen.
                   A       B       C       D       E      F
               +-------+-------+-------+-------+-------+----------------------
         Total | 100.0 | 100.0 |   3.1 |  30.9 |  47.2 | 621.0
       Dungeon | 100.0 | 100.0 |   3.1 |  30.9 |  47.2 | 621.0
               +-------+-------+-------+-------+-------+----------------------

Table legend:
 A = Kills in this place as a percentage of kills in entire the game.
 B = Kills by you in this place as a percentage of kills by you in the entire game.
 C = Kills by friends in this place as a percentage of kills by friends in the entire game.
 D = Other kills in this place as a percentage of other kills in the entire game.
 E = Experience gained in this place as a percentage of experience gained in the entire game.
 F = Experience gained in this place divided by the number of levels of this place that you have seen.
                   A       B       C       D       E      F
               +-------+-------+-------+-------+-------+----------------------
         Total | 100.0 | 100.0 |   N/A |   N/A | 100.0 |  75.0
       Dungeon | 100.0 | 100.0 |   N/A |   N/A | 100.0 |  75.0
               +-------+-------+-------+-------+-------+----------------------
